 Dungeon Crawl Stone Soup version 0.31-a0-240-gb923e448b6 (webtiles) character file.

Game seed: 15597293120560157911

188 qw the Shooter (level 5, -4/45 HPs)
             Began as a Minotaur Hexslinger on July 11, 2023.
             Slain by Edmund
             ... wielding a +1 flail of holy wrath
              (10 damage)
             ... on level 4 of the Dungeon.
             The game lasted 00:01:06 (2631 turns).

qw the Shooter (Minotaur Hexslinger)                Turns: 2631, Time: 00:01:07

Health: -4/45      AC:  6    Str: 17      XL:     5   Next: 39%
Magic:  5/5        EV: 16    Int:  9 (10) God:
Gold:   73         SH:  0    Dex: 14      Spells: 5/6 levels left

rFire   . . .        Y - +1 sling
rCold   . . .        (no shield)
rNeg    . . .        a - +1 ring mail "Oceoten" {Str+4 Slay+2}
rPois   .            (helmet restricted)
rElec   .            (no cloak)
rCorr   .            (no gloves)
SInv    .            (no boots)
Will    .....        k - amulet of regeneration
Stlth   +            b - +5 ring of evasion
HPRegen 1.07/turn    (no ring)
MPRegen 0.09/turn

%: no passive effects
@: about to teleport
A: horns 2, retaliatory headbutt
a: no special abilities


You were on level 4 of the Dungeon.
You visited 1 branch of the dungeon, and saw 4 of its levels.

You collected 159 gold pieces.
You spent 86 gold pieces at shops.


Innate Abilities, Weirdness & Mutations

You have a pair of horns on your head.
You reflexively headbutt those who attack you in melee.


   Skills:
 - Level 3.0 Fighting
 + Level 5.3 Ranged Weapons
 - Level 1.5 Armour
 - Level 2.1 Dodging
 - Level 1.0 Spellcasting
 - Level 2.0 Hexes


You had 5 spell levels left.
You knew the following spells:

 Your Spells              Type           Power      Damage    Failure   Level
a - Slow                  Hex            16%        N/A       28%         1

Your spell library contained the following spells:

 Spells                   Type           Power      Damage    Failure   Level
 Inner Flame              Hex/Fire       2%         N/A       78%         3
 Portal Projectile        Hex/Tloc       4%         N/A       78%         3
 Cause Fear               Hex            2%         N/A       96%         4

Inventory:

Hand Weapons
 Y - a +1 sling (weapon)
Armour
 a - the +1 ring mail "Oceoten" (worn) {Str+4 Slay+2}
   (You found it on level 3 of the Dungeon)

   Str:       It affects your strength (+4).
   Slay:      It affects your accuracy & damage with ranged weapons and melee
   (+2).
 f - the +3 leather armour of Limitation {rF- rC+ Str+5}
   (You found it on level 3 of the Dungeon)

   Str:       It affects your strength (+5).
   rF:        It makes you vulnerable to fire.
   rC:        It protects you from cold.
Jewellery
 b - a +5 ring of evasion (left hand)
 k - an amulet of regeneration (around neck)
Scrolls
 l - 2 scrolls of identify
Potions
 e - a potion of haste
 g - a potion of resistance
 h - a potion of curing {unknown}
 i - a potion of heal wounds {unknown}
 j - a potion of cancellation {unknown}

Dungeon Overview and Level Annotations

Branches:
Dungeon (4/15)
 Temple: D:4-7

Altars:
Trog

Shops:
D:1 ?   D:2 *

Annotations:
D:4 Edmund


Message History

You shoot a sling bullet. The sling bullet hits Edmund.
Edmund is heavily wounded.
Edmund hits you with a +1 flail of holy wrath.
You shoot a sling bullet.
The sling bullet hits Edmund but does no damage.
Edmund is heavily wounded.
Edmund hits you with a +1 flail of holy wrath!
You shoot a sling bullet.
The sling bullet hits Edmund but does no damage.
Edmund is heavily wounded.
Edmund hits you with a +1 flail of holy wrath!
You shoot a sling bullet. The sling bullet closely misses Edmund.
Edmund hits you with a +1 flail of holy wrath.
Edmund misses you.
You shoot a sling bullet. The sling bullet closely misses Edmund.
Edmund barely misses you.
You shoot a sling bullet. The sling bullet barely misses Edmund.
Edmund hits you with a +1 flail of holy wrath.
You shoot a sling bullet. The sling bullet hits Edmund.
Edmund is heavily wounded.
Edmund hits you with a +1 flail of holy wrath.
You shoot a sling bullet. The sling bullet hits Edmund!
Edmund is severely wounded.
Edmund hits you with a +1 flail of holy wrath!
Edmund closely misses you. You furiously retaliate!
You headbutt Edmund. You shoot a sling bullet.
The sling bullet barely misses Edmund.
Edmund hits you with a +1 flail of holy wrath!
2629 ||| READING scroll of teleportation.
As you read the scroll of teleportation, it crumbles to dust.
You feel strangely unstable. Edmund hits you but does no damage.
You shoot a sling bullet.
The sling bullet hits Edmund but does no damage.
Edmund is almost dead.
Edmund hits you but does no damage.
You shoot a sling bullet.
The sling bullet hits Edmund but does no damage.
Edmund is almost dead.
Edmund hits you with a +1 flail of holy wrath!
You die...

..............
.............+
####............#
#.............(.#
#...............# . #
#...............#
...#.#+#.............#
.....................#
.......@#............#
.......@+............###
#.......#....#+######<..
......................##
......................#
......................#
......................#
.#......... ........#
........#


You could see Edmund (strong).

Vanquished Creatures
  2 orc priests (D:3)
  5 adders
  2 dart slugs (D:2)
  3 orcs (D:3)
  8 endoplasms
  2 giant cockroaches
  5 goblins
  6 hobgoblins
  3 jackals (D:2)
  4 quokkas
  10 ball pythons
  5 bats
  A frilled lizard (D:2)
  7 kobolds
  12 rats
75 creatures vanquished.

Notes
Turn   | Place    | Note
-------+----------+-------------------------------------------
     0 | D:1      | qw the Minotaur Hexslinger began the quest for the Orb.
     0 | D:1      | Reached XP level 1. HP: 16/16 MP: 1/1
     0 | D:1      | 0 ||| qw: Version: 0.3-a-52-g30416fa
     0 | D:1      | 0 ||| qw: Game counter: 6025
     0 | D:1      | 0 ||| qw: Melee chars always use a shield: true
     0 | D:1      | 0 ||| qw: God list: Okawaru
     0 | D:1      | 0 ||| qw: Allow faded altars: false
     0 | D:1      | 0 ||| qw: Do Orc after clearing Dungeon:15 true
     0 | D:1      | 0 ||| qw: Do second Lair branch before Depths: true
     0 | D:1      | 0 ||| qw: Lair rune preference: random
     0 | D:1      | 0 ||| qw: Goals: Normal
     0 | D:1      | 0 ||| PLANNING D:1-11
    95 | D:1      | Reached skill level 3 in Ranged Weapons
    99 | D:1      | Reached XP level 2. HP: 23/23 MP: 2/2
   600 | D:1      | Found a faded altar of an unknown god.
   603 | D:1      | Reached XP level 3. HP: 29/29 MP: 3/3
   737 | D:1      | Found Feama's Magic Scroll Shop.
   749 | D:1      | 749 ||| SHOPLISTING scroll of enchant weapon (97 gold, have
                  | 40).
   749 | D:1      | 749 ||| BUYING scroll of identify (26 gold).
   749 | D:1      | Bought a scroll of identify for 26 gold pieces
   749 | D:1      | 749 ||| SHOPLISTING scroll of teleportation (39 gold, have
                  | 14).
   819 | D:1      | 819 ||| UPGRADING to +0 ring mail.
   829 | D:1      | 829 ||| DROPPING +0 robe.
   830 | D:1      | 830 ||| UPGRADING to amulet of regeneration.
   835 | D:1      | 835 ||| READING scroll labelled FEOKLU BAMOT.
   836 | D:1      | 836 ||| READING 2 scrolls labelled COIFIE TOHO.
   837 | D:1      | 837 ||| READING scroll labelled MOFOLE YHE.
   842 | D:1      | 842 ||| DRINKING 2 emerald potions.
   946 | D:1      | 946 ||| READING 2 scrolls of identify.
   946 | D:1      | 946 ||| IDENTIFYING purple potion
   947 | D:1      | 947 ||| DROPPING scroll of poison.
   948 | D:1      | 948 ||| DROPPING scroll of fear.
   949 | D:1      | 949 ||| DROPPING potion of berserk rage.
  1054 | D:2      | Reached skill level 4 in Ranged Weapons
  1097 | D:2      | Reached skill level 1 in Armour
  1136 | D:2      | Reached XP level 4. HP: 36/36 MP: 4/4
  1480 | D:2      | Found Ahisyph's Assorted Antiques.
  1489 | D:2      | 1489 ||| BUYING fuming amethyst potion (20 gold).
  1489 | D:2      | Bought a fuming amethyst potion for 20 gold pieces
  1489 | D:2      | 1489 ||| BUYING fuming black potion (20 gold).
  1489 | D:2      | Bought a fuming black potion for 20 gold pieces
  1489 | D:2      | 1489 ||| BUYING metallic blue potion (20 gold).
  1489 | D:2      | Bought a metallic blue potion for 20 gold pieces
  1489 | D:2      | 1489 ||| SHOPLISTING runed brass wand (92 gold, have 6).
  1489 | D:2      | 1489 ||| SHOPLISTING scroll labelled NINEXO BACOPA (23
                  | gold, have 6).
  1489 | D:2      | 1489 ||| SHOPLISTING scroll labelled VATAUN PUTEMM (23
                  | gold, have 6).
  1489 | D:2      | 1489 ||| SHOPLISTING scroll of identify (46 gold, have 6).
  1579 | D:2      | 1579 ||| DROPPING amulet of guardian spirit.
  1580 | D:2      | 1580 ||| READING scroll labelled XUBLUROLAHAM.
  1581 | D:2      | 1581 ||| READING scroll labelled LEWAG XEQASACK.
  1582 | D:2      | 1582 ||| DRINKING 2 yellow potions.
  1583 | D:2      | 1583 ||| READING 2 scrolls of identify.
  1583 | D:2      | 1583 ||| IDENTIFYING sapphire potion
  1584 | D:2      | 1584 ||| DROPPING potion of brilliance.
  1585 | D:2      | 1585 ||| DROPPING potion of degeneration.
  1731 | D:3      | Identified the +1 ring mail "Oceoten" {Str+4 Slay+2}
  1859 | D:3      | Found a bloodstained altar of Trog.
  1926 | D:3      | Identified the +3 leather armour of Limitation {rF- rC+
                  | Str+5}
  1965 | D:3      | 1965 ||| Stepping ~*~*~tactically~*~*~ (outnumbered).
  1975 | D:3      | Reached skill level 5 in Ranged Weapons
  1975 | D:3      | Reached XP level 5. HP: 41/41 MP: 5/5
  2019 | D:3      | HP: 6/41 [orc priest/nerve-wracking pain (8)]
  2020 | D:3      | 2020 ||| READING scroll of teleportation.
  2109 | D:3      | Reached skill level 3 in Fighting
  2515 | D:3      | 2515 ||| UPGRADING to +1 ring mail "Oceoten" {Str+4
                  | Slay+2}.
  2525 | D:3      | 2525 ||| DROPPING +0 ring mail.
  2526 | D:3      | 2526 ||| UPGRADING to +5 ring of evasion.
  2527 | D:3      | 2527 ||| READING 2 scrolls of identify.
  2527 | D:3      | 2527 ||| IDENTIFYING green potion
  2591 | D:4      | 2591 ||| PLANNING SEWER
  2606 | D:4      | Noticed Edmund
  2628 | D:4      | HP: 2/45 [Edmund/+1 flail of holy wrath (12)]
  2629 | D:4      | 2629 ||| READING scroll of teleportation.
  2631 | D:4      | Slain by Edmund

Levels and vault maps discovered:
D:1:      minmay_arrival_cross, layout_loops_ring,
          nicolae_ecumenical_snake_handling, serial_shops, shop
D:2:      minmay_evil_eye, layout_basic, serial_shops, nicolae_shop_peninsula
D:3:      layout_basic, mainiacjoe_overflow_brackets
D:4:      minmay_bubble_buster, layout_basic, kennysheep_ying_yang,
          tgw_kikubaaqudgha, serial_shops, nicolae_shop_bloodbath_and_beyond,
          portal_sewer_entry_f, uniq_edmund, uniq_ijyb

Skill      XL: |  1  2  3  4  5 |
---------------+----------------+-----
Ranged Weapons | 3 4 5 |  5.3
Fighting       | 2 3 |  3.0
Armour         | 1 |  1.5
Dodging        | |  2.1
Spellcasting   | |  1.0
Hexes          | |  2.0

Action                     |  1- 3 |  4- 6 || total
---------------------------+-------+-------++-------
   Fire: Sling             |    99 |   131 ||   230
    Use: Scroll            |     4 |     6 ||    10
         Potion            |     1 |     1 ||     2
 Armour: Robe              |     2 |       ||     2
         Ring mail         |    10 |    17 ||    27
  Dodge: Dodged            |    38 |    29 ||    67

Table legend:
 A = Non-vault XP
 B = Vault XP
 C = Vault XP percentage of total XP
 D = Non-vault monster count
 E = Vault monster count
 F = Vault count percentage of total count
                 A         B        C        D         E       F
            +---------+---------+-------+---------+---------+-------
      Total |     252 |      17 |   6.3 |      71 |       4 |   5.3
            +---------+---------+-------+---------+---------+-------
        D:1 |      38 |       3 |   7.3 |      23 |       2 |   8.0
        D:2 |      88 |      14 |  13.7 |      28 |       2 |   6.7
        D:3 |     126 |       0 |   0.0 |      20 |       0 |   0.0
            +---------+---------+-------+---------+---------+-------
